 Dungeon Crawl Stone Soup version 0.27-a0-1230-gfc7c993222 (webtiles) character file.

Game seed: 4597584362400733721

39413 Delamore the Basher (level 14, -5/88 HPs)
             Began as a Gargoyle Fighter on June 8, 2021.
             Was the Champion of Okawaru.
             Slain by a death yak (12 damage)
             ... on level 5 of the Lair of Beasts.
             The game lasted 00:27:18 (22008 turns).

Delamore the Basher (Gargoyle Fighter)             Turns: 22008, Time: 00:27:18

Health: -5/88      AC: 27    Str: 23 (24) XL:     14   Next: 6%
Magic:  23/23      EV: 12    Int: 14      God:    Okawaru [******]
Gold:   668        SH:  5    Dex:  8 (9)  Spells: 13/13 levels left

rFire    + . .     SeeInvis .   U - +10 lajatang of the Real Monster {vamp, rPois rC- Will+}
rCold    + . .     Faith    .   (shield currently unavailable)
rNeg     + . .     Spirit   .   D - +2 chain mail {rPois}
rPois    ∞         Reflect  +   i - +2 hat {Will+}
rElec    +         Harm     .   P - scarf {rC+ rF+}
rCorr    .         Rampage  +   I - +0 pair of gloves
Will     +++..                  z - +1 pair of boots {rampage}
Stlth    ..........             o - amulet of reflection
HPRegen  0.24/turn              r - ring of Ceysm {EV+4 Slay+2}
MPRegen  0.18/turn              R - ring of protection from cold

@: flying
A: sickness immunity, AC +10, big wings, negative energy resistance 1,
electricity resistance, torment resistance 1, petrification resistance, claws 1,
clever 2, deterioration 1, evolution 1
a: Renounce Religion, Heroism, Finesse


You were on level 5 of the Lair of Beasts.
You worshipped Okawaru.
Okawaru was exalted by your worship.
You visited 3 branches of the dungeon, and saw 16 of its levels.
You also visited: Gauntlet.

You collected 807 gold pieces.
You spent 139 gold pieces at shops.

Inventory:

Hand Weapons
 S - a +5 vorpal flail
 U - the +10 lajatang of the Real Monster (weapon) {vamp, rPois rC- Will+}
   (Okawaru gifted it to you on level 2 of the Lair of Beasts)

   It inflicts no extra harm, but heals its wielder when it wounds a living foe.
   It makes you vulnerable to cold.
   It protects you from poison.
   It increases your willpower.
Missiles
 b - 19 javelins
 u - 8 throwing nets
 v - 9 silver javelins
 C - 2 atropa-tipped darts
 E - 9 boomerangs (quivered)
 H - 3 curare-tipped darts
Armour
 c - a +0 kite shield
 i - a +2 hat of willpower (worn)
 z - a +1 pair of boots of rampaging (worn)
 D - a +2 chain mail of poison resistance (worn)
 I - a +0 pair of gloves (worn)
 P - a scarf of resistance (worn)
Jewellery
 o - an amulet of reflection (around neck)
 r - the ring of Ceysm (left hand) {EV+4 Slay+2}
   (You found it in a Gauntlet)

   [ring of evasion]

   It affects your evasion (+4).
   It affects your accuracy and damage with ranged weapons and melee attacks
   (+2).
 J - a ring of fire
 N - a ring of willpower
 R - a ring of protection from cold (right hand)
Wands
 l - a wand of digging (6)
 y - a wand of iceblast (27)
 G - a wand of flame (51)
 O - a wand of acid (5)
 X - a wand of mindburst (7)
Scrolls
 a - a scroll of enchant weapon
 e - a scroll of holy word
 k - 2 scrolls of blinking
 s - 2 scrolls of silence
 w - 5 scrolls of teleportation
 F - 5 scrolls of noise
 Q - a scroll of enchant armour
 T - 2 scrolls of fog
 V - 2 scrolls of immolation
 Y - a scroll of fear
 Z - 2 scrolls of magic mapping
Potions
 d - 5 potions of might
 f - 8 potions of brilliance
 g - 10 potions of curing
 h - 2 potions of berserk rage
 j - 2 potions of ambrosia
 m - 3 potions of haste
 n - 2 potions of mutation
 p - 2 potions of resistance {unknown}
 q - a potion of invisibility {unknown}
 t - 3 potions of flight {unknown}
 x - a potion of magic
 B - a potion of heal wounds
 K - a potion of attraction {unknown}
 M - a potion of cancellation {unknown}


   Skills:
 - Level 10.0 Fighting
 - Level 14.0(14.2) Maces & Flails
 + Level 4.7(10.4) Staves
 - Level 6.0 Throwing
 - Level 5.0 Armour
 + Level 10.0 Shields
 + Level 13.1 Invocations


You had 13 spell levels left.
You didn't know any spells.
Your spell library contained the following spells:

 Spells                   Type           Power      Damage    Failure   Level
 Animate Skeleton         Necr           0%         N/A       91%         1
 Beastly Appendage        Tmut           0%         N/A       91%         1
 Corona                   Hex            0%         N/A       91%         1
 Magic Dart               Conj           0%         1d3       91%         1
 Pain                     Necr           0%         1d4       91%         1
 Sandblast                Erth           0%         2d4       91%         1
 Blink                    Tloc           N/A        N/A       97%         2
 Call Imp                 Summ           0%         N/A       97%         2
 Ensorcelled Hibernation  Hex/Ice        0%         N/A       97%         2
 Passwall                 Tmut/Erth      0%         N/A       97%         2
 Slow                     Hex            0%         N/A       97%         2
 Wereblood                Tmut           0%         N/A       97%         2
 Confusing Touch          Hex            0%         N/A       99%         3
 Conjure Flame            Conj/Fire      0%         6-21      99%         3
 Dazzling Flash           Conj/Hex       0%         N/A       99%         3
 Mephitic Cloud           Conj/Pois/Air  0%         N/A       99%         3
 Spider Form              Tmut/Pois      0%         N/A       99%         3
 Stone Arrow              Conj/Erth      0%         3d7       99%         3
 Tukima's Dance           Hex            0%         N/A       99%         3
 Vampiric Draining        Necr           0%         2d6       99%         3
 Animate Dead             Necr           0%         N/A       100%        4
 Ice Form                 Ice/Tmut       0%         N/A       100%        4
 Petrify                  Tmut/Erth      0%         N/A       100%        4
 Agony                    Necr           0%         N/A       100%        5
 Hydra Form               Tmut           0%         N/A       100%        5
 Lee's Rapid Deconstruct  Erth           0%         3d5*      100%        5


Dungeon Overview and Level Annotations

Branches:
Dungeon (9/15)             Temple (1/1) D:6            Lair (6/6) D:9
  Swamp (0/4) Lair:2        Snake (0/4) Lair:3        Slime (0/5) Lair:5
Gauntlet (visited)
    Orc: D:9-12

Altars:
Kikubaaqudgha
Makhleb
Okawaru
Ru
Vehumet
The Shining One
Jiyva

Shops:
D:8 *(

Annotations:
D:7 exclusion: statue
Lair:1 exclusion: 3 oklob plants
Lair:5 1 runed translucent door


Innate Abilities, Weirdness & Mutations

You are immune to sickness and miasma.
Your stone body is resilient. (AC +10)
You are immune to poison.
Your large and strong wings let you fly.
You resist negative energy. (rN+)
You are resistant to electric shocks. (rElec)
You are resistant to unholy torment.
You are immune to petrification.
You have sharp fingernails.
Your mind is very acute. (Int +4)
Your body sometimes deteriorates upon taking damage.
You evolve.


Message History

There is a stone staircase leading down here.
You are too injured to fight recklessly!
You are too injured to fight recklessly!
You hit the death yak but do no damage. The death yak barely misses you.
You slice the death yak!!
You feel better.
The death yak is heavily wounded.
You hit the death yak.
The death yak is heavily wounded.
The death yak gores you.
You slice the death yak!!
You feel better.
The death yak is almost dead.
The death yak gores you but does no damage.
You slice the death yak!!
You feel better.
You kill the death yak!
Okawaru accepts your kill.
Your Shields skill increases to level 10!
You see here a death yak corpse.
You start resting.
HP restored.
There is a stone staircase leading down here.
You fly downwards.
The death yak gores you! The death yak gores you!! x2
A yak comes into view.
There is a stone staircase leading up here.
The yak bellows!
The death yak gores you but does no damage.
The death yak gores you!
* * * LOW HITPOINT WARNING * * *
The death yak gores you!!
* * * LOW HITPOINT WARNING * * *
You fly upwards.
Level annotation: 1 runed translucent door
There is a stone staircase leading down here.
Okay, then.
As you read the scroll of fear, it crumbles to dust.
You assume a fearsome visage.
The death yak resists with almost no effort. x2
The death yak looks frightened!
The death yak gores you but does no damage.
The death yak gores you!
You die...

..........)...#...#.#...........#
....#...⌠.....#.⌠.......⌠...#....
....+.........#...#.#............
....#..#...[#.#.....#..#....#...#
....##......##.....#.#.....##...#
#.+######..#.##...####.##..#.....
...# #..#.##....##.#####...###
...######......†Y....#.# #...##..
..#....###....⌠.@.⌠#..## #...##..
.....P.# ###.#.Y.Y.#.######+.....
......####.#....⌠.####..##.......
.†...P##......###.##P..###.....(.
....>P#.P.........'....###.......
.....'...............#...........
.†...###..........#.#...##......P
...>.# #######+..####...)'......#
...#.# ##..### ##P.#......##


You could see 3 death yaks.

Vanquished Creatures
  A minotaur (Gauntlet)
  Erica (D:8)
  5 hydras
  Harold (D:8)
  8 death yaks
  Sonja (Lair:1)
  2 bog bodies (Lair:2)
  2 necromancers (Gauntlet)
  An oklob plant (Lair:1)
  Pikel (D:6)
  11 elephants
  2 black mambas
  7 cane toads
  A gargoyle (D:8)
  Maggie (D:6)
  Psyche (D:8)
  2 kobold demonologists (D:6)
  7 komodo dragons
  2 polar bears (Lair:5)
  A hornet (D:4)
  21 blink frogs
  11 flying skulls (Gauntlet)
  Sigmund (D:6)
  A wraith (D:9)
  13 yaks
  3 wyverns
  Eustachio (D:4)
  2 basilisks
  A steam dragon (D:9)
  A naga (Lair:3)
  15 water moccasins
  6 orc warriors
  A black bear (Lair:2)
  An ogre (D:4)
  2 necrophages
  13 wolves
  3 centaurs (D:8)
  2 kobold brigands
  12 bullfrogs
  A scorpion (D:7)
  A wyvern skeleton (D:6)
  5 killer bees (D:9)
  9 wights
  3 electric eels (D:6)
  2 lava snakes
  2 centaur zombies
  A centaur skeleton (D:7)
  A jelly (D:6)
  5 orc priests
  Crazy Yiuf (D:4)
  2 gnoll shamans
  Terence (D:3)
  11 orc wizards
  3 killer bee zombies
  3 hound zombies
  3 howler monkey zombies
  Robin (D:4)
  22 gnolls
  7 adders
  A white imp (D:7)
  An ufetubus (D:7)
  An adder skeleton (D:3)
  6 dart slugs
  30 orcs
  5 ball pythons
  9 endoplasms
  3 giant cockroaches
  20 goblins
  18 hobgoblins
  7 jackals
  3 quokkas
  A ball python zombie (D:3)
  A bat (D:2)
  3 frilled lizards
  10 kobolds
  5 rats
376 creatures vanquished.

Vanquished Creatures (others)
  An endoplasm (D:4)
  A hobgoblin (D:4)
  6 fungi
  66 plants
  14 withered plants (Gauntlet)
88 creatures vanquished.

Grand Total: 464 creatures vanquished

Notes
Turn   | Place    | Note
-------+----------+-------------------------------------------
     0 | D:1      | Delamore the Gargoyle Fighter began the quest for the Orb.
     0 | D:1      | Reached XP level 1. HP: 14/14 MP: 1/1
   411 | D:1      | Reached XP level 2. HP: 19/19 MP: 2/2
   769 | D:1      | Found a faded altar of an unknown god.
   790 | D:1      | Reached skill level 3 in Maces & Flails
   798 | D:1      | Became a worshipper of Warmaster Okawaru
   798 | D:1      | Reached * piety under Okawaru
   953 | D:2      | Reached XP level 3. HP: 22/24 MP: 3/3
  1390 | D:2      | Reached XP level 4. HP: 19/29 MP: 4/4
  2152 | D:3      | Reached skill level 4 in Maces & Flails
  2192 | D:3      | Noticed Terence
  2204 | D:3      | Killed Terence
  2205 | D:3      | Reached skill level 1 in Invocations
  2205 | D:3      | Reached XP level 5. HP: 22/33 MP: 5/5
  2645 | D:3      | Found an ancient bone altar of Kikubaaqudgha.
  2688 | D:3      | Found an iron altar of Okawaru.
  2695 | D:3      | Found a burning altar of Makhleb.
  2923 | D:4      | Noticed Eustachio
  3230 | D:4      | Noticed Robin
  3264 | D:4      | Killed Robin
  3377 | D:4      | Noticed a hornet
  3409 | D:4      | Killed a hornet
  3409 | D:4      | Reached ** piety under Okawaru
  3410 | D:4      | Reached skill level 5 in Fighting
  3410 | D:4      | Reached skill level 5 in Maces & Flails
  3410 | D:4      | Reached XP level 6. HP: 28/40 MP: 5/8
  3627 | D:4      | Noticed a necrophage
  3638 | D:4      | Killed a necrophage
  3639 | D:4      | Reached XP level 7. HP: 39/44 MP: 9/9
  3923 | D:4      | Killed Eustachio
  3924 | D:4      | Reached skill level 6 in Maces & Flails
  4249 | D:4      | Found a runed translucent door.
  4250 | D:4      | Noticed Crazy Yiuf
  4596 | D:4      | Killed Crazy Yiuf
  4657 | D:5      | Entered Level 5 of the Dungeon
  4679 | D:5      | Reached skill level 7 in Maces & Flails
  4679 | D:5      | Reached XP level 8. HP: 43/49 MP: 11/11
  6271 | D:6      | Found a staircase to the Ecumenical Temple.
  6289 | D:6      | Reached skill level 5 in Invocations
  6330 | D:6      | Noticed Pikel
  6356 | D:6      | Killed Pikel
  6357 | D:6      | Reached skill level 9 in Maces & Flails
  6503 | D:6      | Reached *** piety under Okawaru
  6629 | D:6      | Noticed Sigmund
  6638 | D:6      | Killed Sigmund
  6639 | D:6      | Reached skill level 10 in Maces & Flails
  6639 | D:6      | Reached XP level 9. HP: 54/54 MP: 12/12
  7268 | D:6      | Noticed a kobold demonologist
  7268 | D:6      | Noticed a kobold demonologist
  7272 | D:6      | Noticed a smoke demon
  7289 | D:6      | Noticed a sun demon
  7289 | D:6      | Killed a kobold demonologist
  7290 | D:6      | Reached skill level 11 in Maces & Flails
  7299 | D:6      | Gained mutation: You are occasionally teleported next to
                  | monsters. [a neqoxec]
  7307 | D:6      | Killed a kobold demonologist
  7505 | D:6      | Noticed Maggie
  7534 | D:6      | Killed Maggie
  7535 | D:6      | Reached skill level 12 in Maces & Flails
  8037 | Temple   | Entered the Ecumenical Temple
  8165 | D:7      | Reached XP level 10. HP: 59/59 MP: 13/13
  8313 | D:7      | Reached **** piety under Okawaru
  8534 | D:7      | Found a radiant altar of Vehumet.
  9143 | D:8      | Found Ilunec's Weapon Shop.
  9151 | D:8      | Bought 7 javelins for 84 gold pieces
  9155 | D:8      | Noticed Erica
  9194 | D:8      | Reached skill level 13 in Maces & Flails
  9209 | D:8      | HP: 1/59 [Erica/lance of force (15)]
  9217 | D:8      | Killed Erica
  9427 | D:8      | Identified the +2 hand axe "Poomn" {venom, rF+ rN+}
 10091 | D:8      | Found a sacrificial altar of Ru.
 10110 | D:8      | Noticed Psyche
 10122 | D:8      | Found Fanoimal's Assorted Antiques.
 10131 | D:8      | Noticed Harold
 10131 | D:8      | Killed Psyche
 10132 | D:8      | Reached skill level 14 in Maces & Flails
 10132 | D:8      | Reached skill level 1 in Throwing
 10357 | D:8      | Killed Harold
 10357 | D:8      | Reached ***** piety under Okawaru
 10370 | D:8      | Reached XP level 11. HP: 30/63 MP: 14/14
 10533 | D:8      | Bought a yellow potion for 26 gold pieces
 10533 | D:8      | Bought a scroll labelled MEHAPNOIQI for 29 gold pieces
 10742 | D:8      | Received a gift from Okawaru
 10896 | D:8      | Found a glowing golden altar of the Shining One.
 11212 | D:8      | Reached skill level 5 in Throwing
 11789 | D:9      | Found a staircase to the Lair.
 12324 | D:9      | Lost mutation: You are occasionally teleported next to
                  | monsters. [potion of mutation]
 12324 | D:9      | Gained mutation: You evolve. [potion of mutation]
 12324 | D:9      | Gained mutation: You have sharp fingernails. [potion of
                  | mutation]
 12324 | D:9      | Gained mutation: Your mind is acute. (Int +2) [potion of
                  | mutation]
 12324 | D:9      | Gained mutation: You rapidly evolve. [potion of mutation]
 12759 | D:9      | Gained mutation: Your body sometimes deteriorates upon
                  | taking damage. [evolution]
 12759 | D:9      | Lost mutation: You rapidly evolve. [decline of evolution]
 13094 | Lair:1   | Entered Level 1 of the Lair of Beasts
 13333 | Lair:1   | Noticed Sonja
 13337 | Lair:1   | Killed Sonja
 13364 | Lair:1   | Noticed a five-headed hydra
 13375 | Lair:1   | Killed a five-headed hydra
 13498 | Lair:1   | Reached skill level 5 in Armour
 13826 | Lair:1   | Noticed an oklob plant
 13826 | Lair:1   | Noticed an oklob plant
 14091 | Lair:1   | Noticed an oklob plant
 14388 | Lair:1   | Noticed an oklob plant
 14404 | Lair:1   | HP: 2/66 [acid (13)]
 14407 | Lair:1   | Killed an oklob plant
 15566 | Lair:2   | Found a gate leading to a gauntlet.
 15574 | Gauntlet | Entered a Gauntlet
 15574 | Gauntlet | Found a transporter.
 15574 | Gauntlet | Found a transporter.
 15577 | Gauntlet | Noticed a necromancer
 15578 | Gauntlet | Found a transporter.
 15578 | Gauntlet | Found a transporter.
 15584 | Gauntlet | Noticed a death drake
 15585 | Gauntlet | Found a transporter.
 15603 | Gauntlet | Noticed a shock serpent
 15605 | Gauntlet | Noticed a two-headed ogre
 15605 | Gauntlet | a shock serpent changed into a two-headed ogre
 15606 | Gauntlet | Found a transporter.
 15608 | Gauntlet | Noticed a glowing orange brain
 15608 | Gauntlet | a two-headed ogre changed into a glowing orange brain
 15610 | Gauntlet | Found a transporter.
 15612 | Gauntlet | Noticed a swamp dragon
 15612 | Gauntlet | a glowing orange brain changed into a swamp dragon
 15613 | Gauntlet | a swamp dragon changed into a floating eye
 15614 | Gauntlet | Noticed a shock serpent
 15614 | Gauntlet | a floating eye changed into a shock serpent
 15615 | Gauntlet | Noticed a red ugly thing
 15617 | Gauntlet | Noticed a glowing orange brain
 15619 | Gauntlet | Found a transporter.
 15621 | Gauntlet | Found a transporter.
 15624 | Gauntlet | Noticed a glowing orange brain
 15633 | Gauntlet | Found a transporter.
 15641 | Gauntlet | Noticed a death yak
 15648 | Gauntlet | Noticed a death yak
 15649 | Gauntlet | Noticed a death yak
 15649 | Gauntlet | Noticed a death yak
 15650 | Gauntlet | Noticed a necromancer
 15653 | Gauntlet | Noticed a death yak
 15653 | Gauntlet | Noticed a death yak
 15659 | Gauntlet | Found a transporter.
 15689 | Gauntlet | Noticed a catoblepas
 15692 | Gauntlet | Noticed an orb spider
 15692 | Gauntlet | a black mamba changed into an orb spider
 15693 | Gauntlet | an orb spider changed into a hog
 15695 | Gauntlet | Found a transporter.
 15701 | Gauntlet | Noticed a cyclops
 15702 | Gauntlet | Noticed a glowing orange brain
 15709 | Gauntlet | Noticed a harpy
 15714 | Gauntlet | Noticed a moth of wrath
 15714 | Gauntlet | a torpor snail changed into a moth of wrath
 15747 | Gauntlet | Found a transporter.
 15769 | Gauntlet | Found a transporter.
 15888 | Gauntlet | Found a transporter.
 15906 | Gauntlet | Found a transporter.
 15973 | Gauntlet | Noticed a harpy
 15973 | Gauntlet | a cane toad changed into a harpy
 15976 | Gauntlet | a harpy changed into a guardian serpent
 15982 | Gauntlet | Noticed a salamander
 15982 | Gauntlet | a guardian serpent changed into a salamander
 15983 | Gauntlet | Noticed a mana viper
 15983 | Gauntlet | a salamander changed into a mana viper
 15986 | Gauntlet | Noticed a manticore
 15986 | Gauntlet | a mana viper changed into a manticore
 16043 | Gauntlet | Killed a necromancer
 16261 | Gauntlet | Noticed a salamander
 16265 | Gauntlet | Noticed a mana viper
 16265 | Gauntlet | a salamander changed into a mana viper
 16294 | Gauntlet | Identified the +4 shortbow "Zauk" {freeze, Int+4 Dex+4}
                  | (Okawaru gifted it to you in a Gauntlet)
 16294 | Gauntlet | Received a gift from Okawaru
 16299 | Gauntlet | Reached XP level 12. HP: 44/73 MP: 17/17
 16492 | Gauntlet | Identified the +0 pair of boots of Dishonour {rElec rF-
                  | Str+8 Dex-5}
 16507 | Gauntlet | Noticed a fenstrider witch
 16553 | Gauntlet | Killed a death yak
 16562 | Gauntlet | Killed a death yak
 16572 | Gauntlet | Killed a death yak
 16578 | Gauntlet | Killed a death yak
 16587 | Gauntlet | HP: 3/76 [death yak (19)]
 16591 | Gauntlet | Killed a death yak
 16602 | Gauntlet | Killed a death yak
 16606 | Gauntlet | Identified the ring of Ceysm {EV+4 Slay+2}
 16883 | Gauntlet | Identified the +6 dire flail "Kihutoch" {vorpal, Int+2}
 16883 | Gauntlet | Noticed a minotaur
 16902 | Gauntlet | Killed a minotaur
 16902 | Gauntlet | Received a gift from Okawaru
 16903 | Gauntlet | Reached skill level 10 in Fighting
 16903 | Gauntlet | Reached skill level 10 in Invocations
 17204 | Gauntlet | Identified the +6 war axe "Bihoy" {venom, rF+}
 17299 | Lair:2   | Noticed an eight-headed hydra
 17300 | Lair:2   | Noticed a six-headed hydra
 17327 | Lair:2   | Killed an eight-headed hydra
 17333 | Lair:2   | Killed a six-headed hydra
 17334 | Lair:2   | Reached skill level 5 in Shields
 17497 | Lair:2   | Found a staircase to the Swamp.
 18126 | Lair:2   | You fall into a shaft and drop 2 floors!
 18236 | Lair:4   | Reached XP level 13. HP: 64/82 MP: 21/21
 18793 | Lair:4   | Gained mutation: Your mind is very acute. (Int +4)
                  | [evolution]
 18920 | Lair:3   | Received a gift from Okawaru
 19239 | Lair:2   | Identified the +10 lajatang of the Real Monster {vamp,
                  | rPois rC- Will+} (Okawaru gifted it to you on level 2 of
                  | the Lair of Beasts)
 19239 | Lair:2   | Received a gift from Okawaru
 19997 | Lair:3   | Found a staircase to the Snake Pit.
 20473 | Lair:4   | Reached skill level 1 in Staves
 21239 | Lair:5   | Found a runed translucent door.
 21239 | Lair:5   | Found a viscous altar of Jiyva.
 21240 | Lair:5   | Found a staircase to the Slime Pits.
 21424 | Lair:5   | Reached ****** piety under Okawaru
 21615 | Lair:5   | Received a gift from Okawaru
 21725 | Lair:5   | Gained mutation: Your large and strong wings let you fly.
                  | [Gargoyle growth]
 21725 | Lair:5   | Reached XP level 14. HP: 88/88 MP: 23/23
 21944 | Lair:6   | Entered Level 6 of the Lair of Beasts
 21964 | Lair:5   | Reached skill level 10 in Shields
 22008 | Lair:5   | Slain by a death yak

Illustrated notes

Levels and vault maps discovered:
D:1:      dpeg_arrival_tiny_k, layout_loops_ring,
          chequers_ecumenical_altar_simple, minmay_pentomino_t2
D:2:      layout_loops_ring
D:3:      minmay_door_path, layout_basic, minmay_overflow_temple_star_quad,
          serial_undead, serial_undead_f, serial_undead_d, serial_undead_d,
          serial_undead_b, uniq_terence
D:4:      layout_cave_pods, uniq_eustachio, uniq_crazy_yiuf_cottage, uniq_robin
D:5:      layout_layer_cave, lemuel_flame_loot_1
D:6:      layout_basic, minmay_temple_entry_sparse_star, serial_bayou,
          serial_bayou_pond_b, serial_bayou_shore_a, serial_bayou_shore_b,
          serial_bayou_pond_e, minmay_misc_feat_iff, uniq_sigmund, uniq_pikel,
          uniq_maggie
D:7:      layout_basic, vehumet_statue
D:8:      corexii_shantytown, layout_basic, lemuel_doored_altar,
          amcnicky_altar_gilded, serial_shops, nicolae_shop_crystal,
          nicolae_shop_overgrown_old_shop, serial_rivers,
          chequers_serial_rivers_micro_a, chequers_serial_rivers_room_a,
          chequers_serial_rivers_marsh, chequers_serial_rivers_micro_b,
          chequers_serial_rivers_room_b, grunt_decor_mini_mirrors, uniq_erica,
          uniq_harold, uniq_psyche
D:9:      layout_big_octagon, serial_co_window_serial, co_window_corner_a,
          co_window_paths_a, co_window_paths_a, co_window_corner_a,
          co_window_corner_a, co_window_2corner, co_window_corner_ca,
          co_window_cross_3, co_window_paths_c, co_window_cross_2,
          co_window_corner_b, co_window_unsneaky_path_a, glass_columns_b,
          glass_columns_b, glass_columns_a
Temple:   minmay_temple_curvy_branch
Lair:1:   layout_regular_city, minmay_lair_oklob_chamber, uniq_sonja
Lair:2:   layout_gridlike, skrybe_swamp_entry_bodies, gauntlet_entry_generic
Lair:3:   layout_gridlike, guppyfry_snake_entry_island, serial_forest,
          infiniplex_forest_clump_small, infiniplex_forest_clump_diagonal,
          infiniplex_forest_lined_room_2, infiniplex_forest_straight_2,
          infiniplex_forest_clump_large, infiniplex_forest_clump_small,
          infiniplex_forest_lined_room_, infiniplex_forest_pool,
          infiniplex_forest_zigzag_1, minmay_holes
Lair:4:   layout_concentric_octagons, grunt_megastairs_4
Lair:5:   layout_roguey, slime_altar_2, lemuel_fruit_tree, serial_bayou_shore_b,
          grunt_megastairs_1
Lair:6:   evilmike_catoblepas_cave, layout_cave_pods

Skill      XL: |  1  2  3  4  5  6  7  8  9 10 11 12 13 14 |
---------------+-------------------------------------------+-----
Maces & Flails | 3 4 5 7 10 12 14 | 14.0
Fighting       | 4 5 7 10 | 10.0
Invocations    | 1 2 3 4 5 7 11 12 13 | 13.1
Throwing       | 4 6 |  6.0
Armour         | 5 |  5.0
Shields        | 6 9 10 | 10.0
Staves         | 4 |  4.7

Action                   |  1- 3 |  4- 6 |  7- 9 | 10-12 | 13-15 || total
-------------------------+-------+-------+-------+-------+-------++-------
Melee: Flail             |    98 |   194 |   194 |   407 |   168 ||  1061
       Whip              |       |       |   304 |   256 |       ||   560
       Hand axe          |       |       |       |   117 |       ||   117
       Unarmed           |       |       |       |     2 |       ||     2
       Lajatang          |       |       |       |       |   199 ||   199
Throw: Dart              |       |     7 |     3 |     5 |       ||    15
       Boomerang         |       |       |       |    41 |    19 ||    60
       Javelin           |       |       |       |     4 |       ||     4
Invok: Heroism           |       |     1 |     7 |    12 |       ||    20
       Finesse           |       |       |       |     7 |       ||     7
Evoke: Wand              |       |     6 |     6 |    11 |       ||    23
  Use: Scroll            |     1 |     5 |     3 |     7 |     7 ||    23
       Potion            |       |     3 |     1 |     9 |       ||    13
Armor: Scale mail        |    58 |    21 |       |       |       ||    79
       Chain mail        |       |   101 |   225 |   398 |   198 ||   922
Dodge: Dodged            |    42 |    55 |    66 |   148 |   189 ||   500
Block: Kite shield       |    67 |   197 |   330 |   557 |   137 ||  1288
       Reflection        |       |     1 |     1 |    13 |     1 ||    16
       Other             |       |       |       |     1 |    55 ||    56

Table legend: (Time is in decaauts)
 A = Elapsed time spent in this place.
 B = Non-inter-level travel time spent in this place.
 C = Inter-level travel time spent in this place.
 D = Time resting spent in this place.
 E = Time spent auto-exploring this place.
 F = Levels seen in this place.
 G = Mean time per level.
                   A        B        C        D        E       F      G
               +--------+--------+--------+--------+--------+-----+--------+
         Total |  21992 |  21383 |    609 |   4512 |  13108 |  17 | 1293.6 |
       Dungeon |  13178 |  12774 |    404 |   2270 |   8280 |   9 | 1464.2 |
        Temple |      1 |      1 |      0 |      0 |      0 |   1 |    1.0 |
          Lair |   7227 |   7023 |    204 |   1345 |   4812 |   6 | 1204.5 |
      Gauntlet |   1584 |   1584 |      0 |    897 |     16 |   1 | 1584.0 |
               +--------+--------+--------+--------+--------+-----+--------+

Top non-repeatable levels by time:
     D:8: 2771 daAuts
  Lair:1: 2466 daAuts
  Lair:2: 1688 daAuts
     D:5: 1642 daAuts
     D:4: 1618 daAuts
Gauntlet: 1584 daAuts
     D:6: 1550 daAuts
  Lair:4: 1313 daAuts
     D:9: 1240 daAuts
     D:3: 1205 daAuts
     D:7: 1180 daAuts
     D:2: 1010 daAuts
     D:1: 957 daAuts
  Lair:5: 919 daAuts
  Lair:3: 823 daAuts
